 Dungeon Crawl Stone Soup version 0.28-a0-653-g7e9dba17c3 (webtiles) character file.

Game seed: 5614391019530618986

28 KoroneIsBestGirl the Covered (level 3, 0/30 HPs)
             Began as a Barachi Fighter on Oct 11, 2021.
             Was a Believer of Dithmenos.
             Slain by an adder (1 damage)
             ... on level 2 of the Dungeon.
             The game lasted 00:01:07 (747 turns).

KoroneIsBestGirl the Covered (Barachi Fighter)       Turns: 747, Time: 00:01:08

Health: 0/30       AC:  7    Str: 18    XL:     3   Next: 14%
Magic:  3/3        EV:  6    Int:  8    God:    Dithmenos [**....]
Gold:   48         SH:  4    Dex: 11    Spells: 2/2 levels left

rFire   . . .      SeeInvis .   a - +0 trident
rCold   . . .      Faith    .   c - +0 buckler
rNeg    . . .      Spirit   .   b - +0 scale mail
rPois   .          Reflect  .   (no helmet)
rElec   .          Harm     .   (no cloak)
rCorr   .          Rampage  .   (no gloves)
Will    .....                   (no boots)
Stlth   ..........              (no amulet)
HPRegen 0.10/turn               (no ring)
MPRegen 0.08/turn               (no ring)

@: mighty, wreathed by umbra, constricted, slow
A: amphibious, slowness 1, strong legs 1, +LOS
a: Hop, Renounce Religion, Shadow Step


You were on level 2 of the Dungeon.
You worshipped Dithmenos.
Dithmenos was pleased with you.
You visited 1 branch of the dungeon, and saw 2 of its levels.

You collected 48 gold pieces.

Inventory:

Hand Weapons
 a - a +0 trident (weapon)
Armour
 b - a +0 scale mail (worn)
 c - a +0 buckler (worn)
Scrolls
 e - 2 scrolls of identify {unknown}
 g - a scroll of magic mapping {unknown}


   Skills:
 + Level 4.0 Fighting
 + Level 2.4 Polearms
 + Level 4.0 Armour
 + Level 3.6 Shields


You had 2 spell levels left.
You didn't know any spells.
Your spell library contained the following spells:

 Spells                   Type           Power      Damage    Failure   Level
 Animate Armour           Summ/Erth      0%         N/A       100%        4
 Blade Hands              Tmut           0%         N/A       100%        5
 Iron Shot                Conj/Erth      0%         9d1       100%        6


Dungeon Overview and Level Annotations

Branches:
Dungeon (2/15)

Altars:
Dithmenos


Innate Abilities, Weirdness & Mutations

You are amphibious.
You cover ground slowly.
You can hop short distances.
You have an extended range of vision and can be seen from far away.


Message History

You are more poisoned.
The adder poisons you! The adder bites you.
You are more poisoned.
The adder poisons you!
It was a potion of curing.
You feel better. The adder bites you.
You are poisoned.
The adder poisons you!
You completely miss the adder.
The adder is severely wounded.
You feel sick.
You hit the adder but do no damage.
The adder is severely wounded.
You feel sick. The adder bites you but does no damage.
The ball python bites you. The ball python grabs you.
The ball python constricts you. The adder bites you but does no damage.
The ball python closely misses you. The ball python constricts you.
You closely miss the adder.
The adder is severely wounded.
You feel sick. The adder bites you. The ball python closely misses you.
The ball python constricts you.
* * * LOW HITPOINT WARNING * * *
You feel very mighty all of a sudden.
You feel sick. The adder closely misses you. The ball python bites you.
* * * LOW HITPOINT WARNING * * *
The ball python constricts you. The adder bites you but does no damage.
You barely miss the adder.
The adder is severely wounded.
You feel sick.
You are no longer poisoned.
The ball python bites you.
* * * LOW HITPOINT WARNING * * *
The ball python constricts you. The adder completely misses you.
You block the ball python's attack. The ball python constricts you.
* * * LOW HITPOINT WARNING * * *
You completely miss the adder.
The adder is severely wounded.
The adder bites you but does no damage. The ball python bites you.
* * * LOW HITPOINT WARNING * * *
The ball python constricts you. The adder bites you.
You die...

#.# # #.# # ..#
#.# #. # # ..#
#.. #.. .#[ ...#
### #.# ##.##
#.#.# # ..#
.⌠.##.##.#
####..#S##.##.#
#.# #####
.......S@.#...#
#.# #....
#.#######?..#.#
#.# #.###
###...###.###.###
###............
#############


You could see an adder and a ball python.

Vanquished Creatures
  4 bats (D:1)
  3 endoplasms (D:1)
  A giant cockroach (D:1)
  4 goblins (D:1)
  4 hobgoblins (D:1)
  A quokka (D:1)
  2 ball pythons (D:1)
  2 frilled lizards (D:1)
  4 kobolds (D:1)
  A rat (D:1)
26 creatures vanquished.

Notes
Turn   | Place    | Note
-------+----------+-------------------------------------------
     0 | D:1      | KoroneIsBestGirl the Barachi Fighter began the quest for
                  | the Orb.
     0 | D:1      | Reached XP level 1. HP: 18/18 MP: 1/1
    12 | D:1      | Found a faded altar of an unknown god.
    19 | D:1      | Prayed at the altar of an unknown god.
    19 | D:1      | Became a worshipper of Dithmenos the Shadowed
    19 | D:1      | Reached * piety under Dithmenos
   289 | D:1      | Reached XP level 2. HP: 25/25 MP: 2/2
   582 | D:1      | Reached XP level 3. HP: 30/30 MP: 3/3
   609 | D:1      | Reached ** piety under Dithmenos
   747 | D:2      | HP: 1/30 [ball python (1)]
   747 | D:2      | Slain by an adder

Illustrated notes

Levels and vault maps discovered:
D:1:      dpeg_arrival_stone_temple_mockup, layout_rooms,
          ebering_ecumenical_altar_sacrificial
D:2:      layout_loops_ring, basic_altar, grunt_decor_mini_mirrors,
          kennysheep_generic_room_13

Skill      XL: |  1  2 |
---------------+-------+-----
Armour         | 4 |  4.0
Fighting       | 4 |  4.0
Polearms       | |  2.4
Shields        | |  3.6

Action                   || total
-------------------------++-------
Melee: Trident           ||    83
  Use: Potion            ||     2
Armor: Scale mail        ||    42
Dodge: Dodged            ||    53
Block: Buckler           ||    20

Table legend: (Time is in decaauts)
 A = Elapsed time spent in this place.
 B = Non-inter-level travel time spent in this place.
 C = Inter-level travel time spent in this place.
 D = Time resting spent in this place.
 E = Time spent auto-exploring this place.
 F = Levels seen in this place.
 G = Mean time per level.
                   A        B        C        D        E       F      G
               +--------+--------+--------+--------+--------+-----+--------+
         Total |    850 |    838 |     12 |      0 |    655 |   2 |  425.0 |
       Dungeon |    850 |    838 |     12 |      0 |    655 |   2 |  425.0 |
               +--------+--------+--------+--------+--------+-----+--------+

Top non-repeatable levels by time:
     D:1: 732 daAuts
     D:2: 118 daAuts
